AoeStats
← DK

Arabia

510550416Analyzed
1v1 RM · 5h ago on Oct 1, 2026· 40m 28s· 2 players
Game mode
Random Map
Map size
Tiny (2 player)
Population
200
Speed
Normal
Resources
Standard
Victory
Conquest
Starting age
Dark Age
Ending age
Imperial Age
RankedLock teamsTeams togetherTeam positionsShared explorationLock speedFull tech treeHidden civsTurbo modeCheats
Victory
Defeat
🇨🇦 Khitans · Canada
1532
+15
🇹🇼 Varangians · Taiwan
1501
-15
Agameboy
6:27 Loom
9:22 Feudal Age
9:24 Man-at-Arms
10:03 Double-Bit Axe
14:10 Wheelbarrow
17:16 Fletching
22:27 Castle Age
20:39 Horse Collar
21:11 Gold Mining
21:58 Forging
22:29 Bloodlines
22:58 Scale Barding Armor
24:58 Husbandry
25:24 Bow Saw
26:33 Town Watch
28:51 Pikeman
29:51 Squires
33:40 Scale Mail Armor
36:37 Hand Cart
37:12 Stone Mining
43:04 Imperial Age
DK
5:59 Loom
8:53 Feudal Age
9:27 Double-Bit Axe
15:15 Domestication
22:11 Castle Age
21:13 Scale Barding Armor
21:19 Forging
23:07 Bow Saw
23:41 Iron Casting
24:20 Chain Barding Armor
26:21 Husbandry
37:35 Gold Mining
40:18 Imperial Age
38:05 Town Watch
38:58 Gold Mining
Connection lost

Rejoining the realm…

Still unreachable

The connection could not be restored.

Session expired

The server has moved on; the page needs a fresh start.